 Dungeon Crawl Stone Soup version 0.24.0-123-gd5b16e6ec5 (webtiles) character file.

Game seed: 10574448784490661343, levelgen mode: deterministic

105 Mrkan the Shield-Bearer (level 4, -7/40 HPs)
             Began as a Minotaur Fighter on Dec 31, 2019.
             Mangled by a gnoll
             ... wielding a +0 spear
              (9 damage)
             ... on level 3 of the Dungeon.
             The game lasted 00:03:20 (1637 turns).

Mrkan the Shield-Bearer (Minotaur Fighter)          Turns: 1637, Time: 00:03:21

Health: -7/40      AC:  7    Str: 26    XL:     4   Next: 54%
Magic:  3/3        EV:  7    Int:  6    God:
Gold:   71         SH: 10    Dex:  9    Spells: 3/3 levels left

rFire    . . .     SeeInvis .   a - +0 war axe
rCold    . . .     Gourm    .   c - +0 shield
rNeg     . . .     Faith    .   b - +0 scale mail
rPois    .         Spirit   .   (helmet restricted)
rElec    .         Reflect  .   (no cloak)
rCorr    .         Harm     .   (no gloves)
MR       .....                  (no boots)
Stlth    ..........             (no amulet)
HPRegen  0.13/turn              (no ring)
MPRegen  0.08/turn              (no ring)

@: mighty
A: retaliatory headbutt, horns 2
a: no special abilities


You were on level 3 of the Dungeon.
You were hungry.

You visited 1 branch of the dungeon, and saw 3 of its levels.

You collected 71 gold pieces.

Inventory:

Hand Weapons
 a - a +0 war axe (weapon)
Armour
 b - a +0 scale mail (worn)
 c - a +0 shield (worn)
Jewellery
 e - a cursed ring of teleportation {unknown}
 k - a +5 ring of protection {unknown}
Scrolls
 g - 3 scrolls of teleportation {unknown}
 j - 3 scrolls of immolation {unknown}
Potions
 h - 2 potions of flight {unknown}
 l - a potion of berserk rage {unknown}
Comestibles
 f - 5 rations


   Skills:
 + Level 4.2 Fighting
 * Level 4.1 Axes
 + Level 4.3 Armour
 + Level 4.4 Shields


You had 3 spell levels left.
You didn't know any spells.
Your spell library contained the following spells:

 Spells                   Type           Power        Failure   Level  Hunger
 Beastly Appendage        Tmut           #.....       99%         1    ##.....
 Sticks to Snakes         Tmut           #.......     100%        2    ###....
 Spider Form              Tmut/Pois      #.........   100%        3    ####...
 Ice Form                 Ice/Tmut       #.......     100%        4    #####..
 Blade Hands              Tmut           #.........   100%        5    ######.


Dungeon Overview and Level Annotations

Branches:
Dungeon (3/15)

Altars:
Fedhas


Innate Abilities, Weirdness & Mutations

You reflexively headbutt those who attack you in melee.
You have a pair of horns on your head.


Message History

The gnoll is severely wounded.
Your shield prevents you from hitting the leopard gecko.
You barely miss the quokka. You block the quokka's attack.
The leopard gecko barely misses you. You furiously retaliate!
You headbutt the leopard gecko!
You kill the leopard gecko!
You block the gnoll's attack. The gnoll closely misses you.
The gnoll hits you but does no damage. The quokka completely misses you.
You furiously retaliate!
You headbutt the quokka.
You kill the quokka!
You block the gnoll's attack.
The gnoll hits you from afar with a +0 spear.
* * * LOW HITPOINT WARNING * * *
The gnoll barely misses you. You block the gnoll's attack.
The gnoll hits you with a +0 spear!
* * * LOW HITPOINT WARNING * * *
The gnoll hits you but does no damage.
You feel very mighty all of a sudden. The gnoll hits you with a +0 spear!
You die...

#.....##......##.#
#.....##.##.####.# .....
#.....+........#.# ......
#....(##.....###.# ......
#...((.....<.###.# .....
#....(.#.†...#...#
.....#####'#.#.....#.###
#.....).#.#.....#.#.#
#.###..g@g..#.#.....#.#..
....'.†.g...#.#.....#.#..
##.##...†..##.#.....#.#.#
#......##.#...<.#.#†#
#......##.#.....#.#.#
#......##.#.....#....
#!.....##.#.....#.###
#########.#..........
#.#..#..#....


You could see 3 gnolls.

Vanquished Creatures
  A gnoll (D:3)
  An adder (D:2)
  An ooze (D:1)
  A worm (D:2)
  3 dart slugs
  2 leopard geckos (D:3)
  An orc (D:3)
  6 bats
  10 giant cockroaches
  6 goblins
  2 hobgoblins (D:2)
  9 jackals
  10 kobolds
  2 quokkas (D:3)
  3 frilled lizards
  7 rats
65 creatures vanquished.

Notes
Turn   | Place    | Note
-------+----------+-------------------------------------------
     0 | D:1      | Mrkan the Minotaur Fighter began the quest for the Orb.
     0 | D:1      | Reached XP level 1. HP: 19/19 MP: 0/0
    78 | D:1      | Reached XP level 2. HP: 17/27 MP: 1/1
   490 | D:1      | Reached XP level 3. HP: 33/33 MP: 2/2
  1175 | D:2      | Reached XP level 4. HP: 31/40 MP: 3/3
  1228 | D:2      | Found a blossoming altar of Fedhas.
  1636 | D:3      | HP: 2/40 [gnoll/+0 spear (10)]
  1637 | D:3      | Mangled by a gnoll

Levels and vault maps discovered:
D:1:      lightli_molten_gateway, layout_basic, minmay_misc_feat_tower,
          minmay_worlds_worst_comb
D:2:      layout_rooms, marbit_many_paths, kennysheep_nondescript,
          mrwooster_statue_mirror
D:3:      layout_basic, elyvilon_altar_3, chequers_ecumenical_altar_simple

Skill      XL: |  1  2  3  4 |
---------------+-------------+-----
Axes           | 3 4 |  4.1
Shields        | 4 |  4.4
Fighting       | 4 |  4.2
Armour         | 4 |  4.3

Action                   |  1- 3 |  4- 6 || total
-------------------------+-------+-------++-------
Melee: War axe           |   114 |    48 ||   162
       Headbutt          |    17 |     2 ||    19
  Use: Potion            |       |     1 ||     1
  Eat: Chunk             |     1 |     1 ||     2
Armor: Scale mail        |    70 |    26 ||    96
Dodge: Dodged            |    52 |    24 ||    76
Block: Shield            |    76 |    49 ||   125
